 Dungeon Crawl Stone Soup version 0.15-a0-1880-g53e602b (webtiles) character file.

144 TZer0 the Stinger (level 5, 0/22 HPs)
             Began as a Felid Venom Mage on July 5, 2014.
             Was a Follower of Kikubaaqudgha.
             Slain by TZer0 the felid zombie (8 damage)
             ... animated by a shadow imp
             ... on Level 3 of the Dungeon.
             The game lasted 00:08:31 (2477 turns).

TZer0 the Stinger (Felid Venom Mage)                Turns: 2477, Time: 00:08:31

HP   0/22        AC  1     Str  9      XL: 5   Next:  5%
MP  21/21        EV 18     Int 18      God: Kikubaaqudgha [*.....]
Gold 122         SH  0     Dex 16      Spells:  4 memorised,  1 level left
Lives: 0, deaths: 1

rFire  . . .     SeeInvis +       - Unarmed
rCold  . . .     Clarity  .     (armour unavailable)
rNeg   . . .     rCorr    .     (shield unavailable)
rPois  .         rRot     .     (helmet unavailable)
rElec  .         Spirit   .     (cloak unavailable)
SustAb .         Warding  .     (gloves unavailable)
rMut   .         Stasis   .     (boots unavailable)
Gourm  .                        (no amulet)
MR     .....                    (no ring)
                                j - ring of magical power

@: mighty, quick, not resistant to hostile enchantments, fairly stealthy
A: paw claws, no armour, no weapons or thrown items, fangs 3, see invisible,
carnivore 3, speed 1, shaggy fur 1, slow metabolism 1, jump 1
a: Jump Attack, Receive Corpses, Renounce Religion


You were on level 3 of the Dungeon.
You worshipped Kikubaaqudgha.
Kikubaaqudgha was aware of your devotion.
You were not hungry.

You visited 1 branch of the dungeon, and saw 3 of its levels.

You collected 122 gold pieces.


Innate Abilities, Weirdness & Mutations

You cannot wear armour.
You are incapable of wielding weapons or throwing items.
Your paws have sharp claws.
You have razor-sharp teeth.
You have supernaturally acute eyesight.
You are carnivorous and can eat meat at any time.
You cover ground quickly.
You are covered in fur (AC +1).
You have a slow metabolism.
You can jump attack at a short distance.


   Skills:
 + Level 1.4 Fighting
 - Level 2.6 Dodging
 - Level 2.6 Stealth
 + Level 1.6 Unarmed Combat
 - Level 2.0 Spellcasting
 * Level 3.6 Conjurations
 * Level 2.4 Necromancy
 - Level 3.6 Poison Magic


You had one spell level left.
You knew the following spells:

 Your Spells              Type           Power        Failure   Level  Hunger
a - Sting                 Conj/Pois      ##..         4%          1    #......
b - Mephitic Cloud        Conj/Pois/Air  ##......     24%         3    ####...
c - Pain                  Necr           ##..         10%         1    #......
d - Corpse Rot            Necr           N/A          12%         2    ##.....


Dungeon Overview and Level Annotations

Branches:
Dungeon (3/15)

Altars:
Kikubaaqudgha

Inventory:

Comestibles
 a - a beef jerky
 c - 2 meat rations {!e}
 k - a chunk of bat flesh {@*1}
 m - 2 chunks of giant frog flesh {@*1}
Scrolls
 d - a scroll of enchant armour {unknown}
 e - 2 scrolls of remove curse {unknown}
 f - 3 scrolls of identify {unknown}
 h - a scroll of magic mapping {unknown}
 n - a scroll of noise {unknown}
Jewellery
 j - a ring of magical power (left paw)
   (You found it on level 2 of the Dungeon)
Potions
 g - a potion of decay {unknown}
 i - a potion of poison {!q}
 l - a potion of might
 o - a potion of curing {unknown}
 p - a potion of brilliance {unknown}
Books
 b - a Young Poisoner's Handbook

   Spells                             Type                      Level
   *Sting                             Conjuration/Poison           1
   Cure Poison                        Poison                       2
   *Mephitic Cloud                    Conjuration/Poison/Air       3
   Olgreb's Toxic Radiance            Poison                       4
   Venom Bolt                         Conjuration/Poison           5
 q - Kikubaaqudgha's Incunabulum of Dark Arts
   (Kikubaaqudgha gifted it to you on level 2 of the Dungeon)

   Spells                             Type                      Level
   *Pain                              Necromancy                   1
   *Corpse Rot                        Necromancy                   2
   Sublimation of Blood               Necromancy                   2
   Vampiric Draining                  Necromancy                   3
   Control Undead                     Necromancy                   4

####....####...#####
#......
......¤¤.(#.###.#
#...... #
#...¤.¤...# #Z#
#......
.#.#...¤...#.###.#
##.....
#.........####...##
##...# ##.##....#
##.## #####
#......%# #.#
####.#### #Z# #. #@#
.. ####.### ...
#......# #...
#.####.# #...
#.####.## #...
#.##..#.# #
#.##.#.## #.##.#.#
###########).....#


You could see TZer0 the felid zombie.


Message History

The giant frog is moderately wounded.
You see here a bat corpse.
Casting: Sting You can't see any susceptible monsters within range! (Use Z to cast anyway.) Unknown command.
Casting: Sting
Aiming: Sting
Aim: a giant frog (severely wounded, poisoned, bewildered and confused)
The sting hits the giant frog.
The giant frog is almost dead.
You see here a bat corpse.
You see here a bat corpse.
You kill the giant frog!
Kikubaaqudgha accepts your kill.
Welcome back to level 5!
You stop butchering the corpse.
A kobold zombie comes into view. It is wielding a dagger.
Casting: Sting You can't see any susceptible monsters within range! (Use Z to cast anyway.)
You can't grasp things well enough to throw them.
Unknown command.
Unknown command.
You closely miss the kobold zombie. The kobold zombie barely misses you.
You scratch the kobold zombie.
The kobold zombie hits you with a dagger.
Damage: -4%(-1hp) hp: 87%(19hp)
You scratch the kobold zombie.
The kobold zombie hits you with a dagger.
Damage: -9%(-2hp) hp: 78%(17hp)
You scratch the kobold zombie.
You destroy the kobold zombie!
You see here a dagger.
You see here a bat corpse.
You finish butchering the bat corpse.
k - a chunk of bat flesh {@*1} You see here a giant frog corpse.
You finish butchering the giant frog corpse.
m - 2 chunks of giant frog flesh {@*1} TZer0 is too close now for your liking.
TZer0 is nearby!
TZer0 is nearby!
TZer0 is nearby!
TZer0 is nearby!
TZer0 barely misses you.
You scratch TZer0. TZer0 barely misses you.
You scratch TZer0. TZer0 completely misses you.
You closely miss TZer0. You scratch TZer0. TZer0 claws you but does no damage.
You scratch TZer0. TZer0 barely misses you.
You scratch TZer0. TZer0 closely misses you.
You miss TZer0. TZer0 closely misses you.
You closely miss TZer0. You closely miss TZer0. TZer0 misses you.
You miss TZer0. TZer0 completely misses you.
You scratch TZer0. You bite TZer0. TZer0 claws you!
Huge Dmg: -27%(-6hp) hp: 60%(13hp)
You barely miss TZer0. TZer0 misses you.
You miss TZer0. You barely miss TZer0. You bite TZer0. TZer0 claws you.
* * * LOW HITPOINT WARNING * * *
Huge Dmg: -28%(-6hp) hp: 32%(7hp)
You aren't carrying any items that can be evoked.
Unknown command.
Read which item? (? for menu, Esc to quit)
Okay, then.
Drink which item? (? for menu, Esc to quit)
You feel very mighty all of a sudden.
You barely miss TZer0. TZer0 claws you!
You die...
Kikubaaqudgha rasps: "You have failed me!
Welcome... death!"

Action                   |  1- 3 |  4- 6 || total
-------------------------+-------+-------++-------
Melee: Unarmed           |    14 |    45 ||    59
 Cast: Sting             |    82 |    68 ||   150
       Mephitic Cloud    |       |     5 ||     5
       Corpse Rot        |       |     2 ||     2
  Use: Potion            |       |     2 ||     2

Vault maps used:
D:1:      minmay_arrival_arboretum_small, kennysheep_boxes
D:2:      wad_river_or_something, overflow_temple_1_default, minmay_newt_pond,
          uniq_crazy_yiuf_cottage, uniq_jessica
D:3:      grunt_temple_overflow_forces_of_nature, grunt_ministairs_6,
          corexii_leaking_fountain, minmay_stone_trees_small

Notes
Turn   | Place    | Note
--------------------------------------------------------------
     0 | D:1      | TZer0, the Felid Venom Mage, began the quest for the Orb.
     0 | D:1      | Reached XP level 1. HP: 7/7 MP: 4/4
   128 | D:1      | Reached skill level 1 in Conjurations
   266 | D:1      | Reached XP level 2. HP: 11/11 MP: 1/5
   436 | D:1      | Reached skill level 2 in Conjurations
   732 | D:1      | Reached XP level 3. HP: 14/14 MP: 1/8
   737 | D:1      | Learned a level 3 spell: Mephitic Cloud
   881 | D:2      | Found an ancient bone altar of Kikubaaqudgha.
   891 | D:2      | Huge Dmg: 4 dmg
   955 | D:2      | Became a worshipper of Kikubaaqudgha
  1135 | D:2      | Reached XP level 4. HP: 10/18 MP: 1/10
  1146 | D:2      | Huge Dmg: 3 dmg
  1256 | D:2      | Reached skill level 3 in Conjurations
  1268 | D:2      | Reached skill level 1 in Unarmed Combat
  1268 | D:2      | Reached skill level 1 in Necromancy
  1355 | D:2      | Noticed Jessica
  1367 | D:2      | Killed Jessica
  1373 | D:2      | Huge Dmg: 4 dmg
  1705 | D:2      | Acquired Kikubaaqudgha's first power
  1705 | D:2      | Received a gift from Kikubaaqudgha
  1706 | D:2      | Identified Kikubaaqudgha's Incunabulum of Dark Arts (Kikubaaqudgha gifted it to you on level 2 of the Dungeon)
  1723 | D:2      | Learned a level 1 spell: Pain
  1726 | D:2      | Learned a level 2 spell: Corpse Rot
  1968 | D:2      | Noticed Crazy Yiuf
  1990 | D:2      | Killed Crazy Yiuf
  1990 | D:2      | Reached skill level 1 in Fighting
  1990 | D:2      | Reached XP level 5. HP: 20/22 MP: 12/12
  2038 | D:3      | Reached skill level 2 in Necromancy
  2113 | D:3      | Huge Dmg: 5 dmg
  2116 | D:3      | Huge Dmg: 8 dmg
  2119 | D:3      | Huge Dmg: 2 dmg
  2119 | D:3      | Slain by a giant frog
  2120 | D:3      | Reached XP level 4. HP: -1/19 MP: 13/19
  2136 | D:3      | Huge Dmg: 3 dmg
  2138 | D:3      | Huge Dmg: 3 dmg
  2138 | D:3      | HP: 2/19 [goblin/club (6)]
  2139 | D:3      | Huge Dmg: 6 dmg
  2408 | D:3      | Reached XP level 5. HP: 19/22 MP: 12/12
  2459 | D:3      | Huge Dmg: 6 dmg
  2462 | D:3      | Huge Dmg: 6 dmg
  2477 | D:3      | Slain by TZer0 the felid zombie

Vanquished Creatures
  A giant frog (D:3)
  Crazy Yiuf (D:2)
  Jessica (D:2)
  3 adders (D:2)
  2 worms (D:2)
  2 giant geckos
  2 ball pythons (D:1)
  A giant cockroach (D:1)
  12 goblins
  4 hobgoblins
  4 jackals (D:2)
  10 bats
  8 giant newts
  12 kobolds
  A kobold zombie (D:3)
  A quokka (D:3)
  10 rats
  A fungus (D:2)
76 creatures vanquished.
